 Dungeon Crawl Stone Soup version 0.23-a0-391-g8c51ad5 (webtiles) character file.

10091 Cryolive the Geomancer (level 11, 0/66 HPs)
             Began as a Gargoyle Earth Elementalist on Oct 30, 2018.
             Was a Believer of Vehumet.
             Slain by an orc
             ... wielding a +0 hand axe
              (6 damage)
             ... on level 10 of the Dungeon.
             The game lasted 00:39:41 (13262 turns).

Cryolive the Geomancer (GrEE)                      Turns: 13262, Time: 00:39:42

Health: 0/66       AC: 13    Str: 16    XL:     11   Next: 56%
Magic:  15/21      EV: 14    Int: 20    God:    Vehumet [**....]
Gold:   554        SH:  0    Dex: 10    Spells: 14/23 levels left

rFire    . . .     SeeInvis +   C - +4 war axe "Xesaefi" {chop, MR+ Stlth+}
rCold    + + .     Gourm    .   (no shield)
rNeg     + . .     Faith    .   N - +1 robe "Syadorhi" {rC++ Str+5}
rPois    ∞         Spirit   .   (no helmet)
rElec    +         Reflect  .   (no cloak)
rCorr    .         Harm     .   (no gloves)
MR       ++...                  y - +1 pair of boots
Stlth    +++.......             (no amulet)
HPRegen  0.21/turn              I - ring of see invisible
MPRegen  0.17/turn              G - ring of protection from magic

@: no status effects
A: negative energy resistance 1, electricity resistance, unbreathing,
petrification resistance, rot immunity, AC +8
a: Renounce Religion


You were on level 10 of the Dungeon.
You worshipped Vehumet.
Vehumet was pleased with you.
You were not hungry.

You visited 2 branches of the dungeon, and saw 11 of its levels.

You collected 554 gold pieces.

Inventory:

Hand Weapons
 r - a +4 flail of venom
 C - the +4 war axe "Xesaefi" (weapon) {chop, MR+ Stlth+}
   (You found it on level 6 of the Dungeon)

   It inflicts extra damage upon your enemies.
   It affects your resistance to hostile enchantments.
   It makes you more stealthy.
 F - a +3 dagger of chaos
Missiles
 b - 194 stones (quivered)
 K - 7 curare-tipped needles
Armour
 l - a +0 shield
 y - a +1 pair of boots (worn)
 J - the +1 leather armour of the Sturgeon {rElec}
   (You took it off an orc on level 9 of the Dungeon)

   It insulates you from electricity.
 N - the +1 robe "Syadorhi" (worn) {rC++ Str+5}
   (You found it on level 10 of the Dungeon)

   It affects your strength (+5).
   It greatly protects you from cold.
Magical Staves
 z - an uncursed staff of cold
Jewellery
 h - an uncursed ring of flight
 j - an uncursed ring of positive energy
 G - a ring of protection from magic (right hand)
 I - a ring of see invisible (left hand)
Wands
 a - a wand of flame (37)
 t - a wand of paralysis (6)
 v - a wand of acid (18)
Scrolls
 e - a scroll of fear {unknown}
 i - 2 scrolls of immolation {unknown}
 m - 2 scrolls of enchant weapon {unknown}
 n - 2 scrolls of random uselessness {unknown}
 o - a scroll of identify
 q - a scroll of magic mapping {unknown}
 u - 3 scrolls of remove curse
 A - a scroll of enchant armour {unknown}
 B - a scroll of blinking
 E - a scroll of teleportation
Potions
 g - 3 potions of mutation
 k - 4 potions of heal wounds
 p - 3 potions of curing
 s - a potion of invisibility
 w - 2 potions of might
 x - a potion of brilliance
 D - 2 potions of agility
 H - 3 potions of magic
 L - a potion of ambrosia
Comestibles
 c - 4 chunks of flesh
 d - 15 rations


   Skills:
 + Level 6.8 Fighting
 + Level 1.3 Staves
 - Level 6.1 Armour
 + Level 5.4 Dodging
 - Level 2.1 Stealth
 - Level 4.0 Shields
 + Level 6.8 Spellcasting
 + Level 7.2 Conjurations
   Level 0.7 Transmutations
 + Level 9.3 Earth Magic
 + Level 5.9 Evocations


You had 14 spell levels left.
You knew the following spells:

 Your Spells              Type           Power        Failure   Level  Hunger
a - Sandblast             Erth           #####.       1%          1    None
b - Stone Arrow           Conj/Erth      #####.       1%          3    #......
c - Lee's Rapid Deconstr  Erth           #####.....   5%          5    #####..

Your spell library contained the following spells:

 Spells                   Type           Power        Failure   Level  Hunger
 Searing Ray              Conj           #####.       1%          2    None
 Passwall                 Tmut/Erth      ####....     1%          2    None
 Petrify                  Tmut/Erth      ####....     12%         4    ###....


Dungeon Overview and Level Annotations

Branches:
Dungeon (10/15)            Temple (1/1) D:5
   Lair: D:8-11         Orc: D:9-12

Altars:
Ashenzari
Cheibriados
Dithmenos
Elyvilon
Fedhas
Gozag
Hepliaklqana
Kikubaaqudgha
Makhleb
Nemelex Xobeh
Okawaru
Qazlal
Ru
Sif Muna
Trog
Uskayaw
Vehumet
Wu Jian
Xom
Yredelemnul
Zin
The Shining One

Shops:
D:4 :   D:5 *   D:10 *%

Annotations:
D:7 3 runed doors, BingusPrime's ghost, novice DDHu


Innate Abilities, Weirdness & Mutations

You are resistant to torment.
Your stone body is resilient. (AC +8)
You are immune to poison.
You resist negative energy. (rN+)
You are resistant to electric shocks. (rElec)
You can survive without breathing.
You are immune to petrification.
You are immune to rotting.


Message History

Press: ? - help, Shift-Dir - straight line, f - orc warrior
Aim: an orc warrior, wielding a +0 battleaxe and wearing a +0 chain mail The stone arrow hits the orc warrior.
The orc warrior is lightly wounded.
The orc priest hits you but does no damage.
The orc hits you but does no damage.
The orc warrior hits you with a +0 battleaxe!
* * * LOW HITPOINT WARNING * * *
Casting: Stone Arrow (safe; 1% risk of failure)
Confirm with . or Enter, or press ? or * to list all spells.
Aiming: Stone Arrow (safe; 1% risk of failure)
Press: ? - help, Shift-Dir - straight line, f/p - orc warrior
Aim: an orc warrior, wielding a +0 battleaxe and wearing a +0 chain mail The stone arrow hits the orc warrior.
The orc warrior is heavily wounded.
The orc priest invokes the aid of Beogh against you.
Beogh smites you!
* * * LOW HITPOINT WARNING * * *
The orc hits you with a +0 hand axe.
You die...

#...........
############............
#.....).............. .
#................#######
#................#.....#
#.......########.'.....#
#.......# #.#.....#
#.......# #.#######
......o@# #........
......oo# #........
........# #.......#
......... ..........#
.......## #####.....#
....... #.....# ......^
#.....# ....... #.....#
#.....#


You could see an orc warrior, an orc priest and an orc.

Vanquished Creatures
  Harold (D:8)
  Erica (D:9)
  3 two-headed ogres
  Pikel (D:5)
  Psyche (D:8)
  4 slime creatures
  Grinder (D:4)
  3 hippogriffs
  Sigmund (D:3)
  2 wyverns
  A wraith (D:10)
  Menkaure (D:7)
  Edmund (D:4)
  Duvessa (D:5)
  4 orc warriors
  3 sky beasts
  A slave (D:4)
  A black bear (D:8)
  A phantom (D:9)
  6 ogres
  4 centaurs
  3 big kobolds
  3 bullfrogs
  3 scorpions
  Dowan (D:5)
  3 crimson imps
  3 centaur zombies
  A quasit (D:9)
  5 hounds
  3 jellies
  5 orc priests
  2 centaur skeletons
  6 iguanas
  Ijyb (D:5)
  7 orc wizards
  6 worker ants
  A killer bee zombie (D:9)
  4 hound skeletons
  A worker ant zombie (D:7)
  11 adders
  2 oozes (D:1)
  An adder skeleton (D:3)
  2 worms
  A dart slug (D:3)
  6 leopard geckos
  33 orcs
  6 giant cockroaches
  2 goblins
  6 hobgoblins
  2 jackals (D:2)
  5 quokkas
  2 ball pythons
  7 bats (D:1)
  5 frilled lizards
  A jackal zombie (D:6)
  22 kobolds
  9 rats
  A bush (D:2)
224 creatures vanquished.

Vanquished Creatures (others)
  A crimson imp (D:5)
  A leopard gecko (D:5)
  An orc (D:5)
  A hobgoblin (D:5)
  A kobold (D:5)
  A plant (D:2)
6 creatures vanquished.

Grand Total: 230 creatures vanquished

Notes
Turn   | Place    | Note
-------+----------+-------------------------------------------
     0 | D:1      | Cryolive the Gargoyle Earth Elementalist began the quest
                  | for the Orb.
     0 | D:1      | Reached XP level 1. HP: 10/10 MP: 3/3
     3 | D:1      | Noticed an electric eel
     3 | D:1      | Noticed an electric eel
   320 | D:1      | Reached skill level 4 in Earth Magic
   320 | D:1      | Reached XP level 2. HP: 12/15 MP: 5/5
   614 | D:1      | Reached XP level 3. HP: 8/19 MP: 6/6
   619 | D:1      | Learned a level 3 spell: Stone Arrow
  1404 | D:2      | Reached XP level 4. HP: 8/24 MP: 8/8
  2126 | D:2      | Reached skill level 5 in Earth Magic
  2476 | D:3      | Found a bloodstained altar of Trog.
  2594 | D:3      | You fall through a shaft!
  2705 | D:4      | Reached skill level 1 in Shields
  2705 | D:4      | Reached skill level 1 in Conjurations
  2705 | D:4      | Reached XP level 5. HP: 16/28 MP: 8/10
  2717 | D:4      | Learned a level 5 spell: Lee's Rapid Deconstruction
  2838 | D:4      | Noticed an ogre
  2842 | D:4      | Killed an ogre
  3113 | D:4      | Found Poggiuhe's Book Shop.
  3145 | D:4      | Noticed an ogre
  3160 | D:4      | Killed an ogre
  3160 | D:4      | Reached skill level 1 in Evocations
  3160 | D:4      | Reached XP level 6. HP: 32/32 MP: 6/11
  3429 | D:3      | Noticed Sigmund
  3901 | D:4      | Reached XP level 7. HP: 37/37 MP: 1/12
  4076 | D:4      | Noticed Grinder
  4091 | D:4      | Killed Grinder
  4091 | D:4      | Reached skill level 1 in Fighting
  4091 | D:4      | Reached skill level 1 in Armour
  4091 | D:4      | Reached skill level 6 in Earth Magic
  4504 | D:5      | Entered Level 5 of the Dungeon
  4548 | D:5      | Noticed Duvessa
  4548 | D:5      | Noticed Dowan
  4700 | D:5      | Found a staircase to the Ecumenical Temple.
  4712 | Temple   | Entered the Ecumenical Temple
  5030 | D:5      | Noticed Edmund
  5050 | D:4      | Killed Edmund
  5050 | D:4      | Reached XP level 8. HP: 20/44 MP: 1/14
  5370 | D:5      | Found Ciczeu's General Store.
  5482 | D:5      | Noticed Ijyb
  5499 | D:5      | Killed Ijyb
  5567 | D:5      | Noticed Pikel
  6000 | D:5      | Killed Pikel
  6368 | D:5      | Killed Dowan
  6498 | D:5      | Killed Duvessa
  6498 | D:5      | Reached XP level 9. HP: 35/51 MP: 0/16
  6833 | D:6      | Reached skill level 7 in Earth Magic
  7167 | D:6      | Got an iridescent war axe
  7474 | D:7      | Noticed Menkaure
  7477 | D:7      | Killed Menkaure
  7477 | D:7      | Reached skill level 5 in Spellcasting
  7812 | D:7      | Found a runed gate.
  7813 | D:7      | Noticed a tengu conjurer
  7872 | D:7      | Reached skill level 5 in Conjurations
  7953 | D:7      | Noticed BingusPrime's ghost (novice DDHu)
  7954 | D:7      | Found a runed gate.
  7954 | D:7      | Found an opulent altar of Gozag.
  7955 | D:7      | Found a runed gate.
  8048 | D:8      | Noticed Psyche
  8444 | D:8      | Reached XP level 10. HP: 40/58 MP: 18/18
  8761 | D:8      | Reached skill level 5 in Fighting
  8784 | D:8      | Killed Psyche
  8784 | D:8      | Reached skill level 8 in Earth Magic
  8848 | D:8      | Found a radiant altar of Vehumet.
  8868 | D:8      | Reached skill level 5 in Armour
  9085 | D:8      | Noticed Harold
  9110 | D:8      | Killed Harold
  9471 | D:8      | Became a worshipper of Vehumet
  9982 | D:9      | Noticed Erica
 10002 | D:9      | Noticed a two-headed ogre
 10357 | D:9      | Killed a two-headed ogre
 10357 | D:9      | Reached skill level 5 in Evocations
 10560 | D:3      | Killed Sigmund
 10869 | D:9      | Killed Erica
 10869 | D:9      | Reached XP level 11. HP: 64/64 MP: 1/20
 10873 | D:9      | Noticed a two-headed ogre
 10981 | D:9      | Killed a two-headed ogre
 10981 | D:9      | Reached skill level 5 in Dodging
 11079 | D:9      | Identified the +1 leather armour of the Sturgeon {rElec}
 11293 | D:9      | Reached skill level 9 in Earth Magic
 11435 | D:9      | Reached * piety under Vehumet
 11435 | D:9      | Offered knowledge of Shock by Vehumet.
 12379 | D:9      | Found a burning altar of Makhleb.
 12658 | D:10     | Entered Level 10 of the Dungeon
 12662 | D:10     | Got a wizard robe
 12669 | D:10     | Identified the +1 robe "Syadorhi" {rC++ Str+5} (You found
                  | it on level 10 of the Dungeon)
 12689 | D:10     | Identified the +4 war axe "Xesaefi" {chop, MR+ Stlth+} (You
                  | found it on level 6 of the Dungeon)
 12726 | D:10     | Noticed a two-headed ogre
 12730 | D:10     | Killed a two-headed ogre
 12730 | D:10     | Reached skill level 1 in Staves
 12879 | D:10     | Found Aduotus's Food Emporium.
 13057 | D:10     | Found Keri's Assorted Antiques.
 13102 | D:10     | Reached ** piety under Vehumet
 13102 | D:10     | Offered knowledge of Searing Ray by Vehumet.
 13262 | D:10     | Slain by an orc

Vault maps used:
D:1:      arrival_aquarium_b
D:2:      serial_forest, infiniplex_forest_lined_room_2,
          infiniplex_forest_3_way, infiniplex_forest_clump_curved,
          infiniplex_forest_lined_2, infiniplex_forest_lined_3,
          infiniplex_forest_end_2, infiniplex_forest_straight_2,
          infiniplex_forest_clump_large, infiniplex_forest_clump_long,
          infiniplex_forest_lined_room_2, minmay_misc_feat_pillars
D:3:      serial_glass, glass_columns_c, glass_columns_b,
          kennysheep_flooded_box, bloody_trog, uniq_sigmund
D:4:      first_ration, serial_shops, kennysheep_mini, uniq_grinder
D:5:      corexii_shack_village, minmay_temple_entry_crystal_x, serial_shops,
          shop, uniq_duvessa, uniq_edmund, uniq_pikel, uniq_ijyb
D:7:      ebering_ghost_gozag, uniq_menkaure
D:8:      vehumet_altar_wand_db, serial_rivers, chequers_serial_rivers_micro_c,
          chequers_serial_rivers_micro_a, chequers_serial_rivers_small_a,
          chequers_serial_rivers_micro_e, uniq_harold, uniq_psyche
D:9:      basic_altar, uniq_erica
D:10:     serial_shops, shop, shop, shop, nicolae_shop_behind_doors
Temple:   compressed_dpeg_circular_temple

Skill      XL: |  1  2  3  4  5  6  7  8  9 10 11 |
---------------+----------------------------------+-----
Earth Magic    | 4 5 6 7 8 9 |  9.3
Spellcasting   | 3 4 5 6 |  6.8
Shields        | 1 2 3 4 |  4.0
Conjurations   | 1 2 3 4 5 6 7 |  7.2
Evocations     | 1 2 3 4 5 |  5.9
Fighting       | 1 3 4 6 |  6.8
Armour         | 2 3 4 5 6 |  6.1
Dodging        | 2 3 4 5 |  5.4
Staves         | 1 |  1.3
Stealth        | |  2.1
Transmutations | |  0.7

Action                   |  1- 3 |  4- 6 |  7- 9 | 10-12 || total
-------------------------+-------+-------+-------+-------++-------
Melee: Unarmed           |    13 |       |       |       ||    13
       Whip              |    94 |   178 |    18 |       ||   290
       Flail             |       |       |   152 |   122 ||   274
       War axe           |       |       |       |    58 ||    58
 Cast: Sandblast         |     2 |    27 |    38 |    27 ||    94
       Stone Arrow       |       |       |    34 |    86 ||   120
       Lee's Rapid Decon |       |       |     3 |    17 ||    20
Evoke: Wand              |       |       |       |     1 ||     1
  Use: Scroll            |     2 |     2 |     1 |    11 ||    16
 Stab: Sleeping          |     2 |       |     3 |     2 ||     7
  Eat: Chunk             |     1 |     9 |    14 |    16 ||    40
       Ration            |       |       |     1 |     2 ||     3
Armor: Robe              |    39 |    42 |   109 |   112 ||   302
Dodge: Dodged            |    89 |    76 |   174 |   214 ||   553

Table legend:
 A = Non-vault XP
 B = Vault XP
 C = Vault XP percentage of total XP
 D = Non-vault monster count
 E = Vault monster count
 F = Vault count percentage of total count
                 A         B        C        D         E       F
            +---------+---------+-------+---------+---------+-------
      Total |   10370 |    4046 |  28.1 |     205 |      17 |   7.7
            +---------+---------+-------+---------+---------+-------
        D:1 |      46 |       0 |   0.0 |      24 |       0 |   0.0
        D:2 |      66 |       0 |   0.0 |      17 |       0 |   0.0
        D:3 |      28 |     212 |  88.3 |       7 |       1 |  12.5
        D:4 |     554 |     443 |  44.4 |      23 |       2 |   8.0
        D:5 |     384 |     931 |  70.8 |      14 |       9 |  39.1
        D:6 |     309 |       0 |   0.0 |      10 |       0 |   0.0
        D:7 |    1138 |     172 |  13.1 |      21 |       1 |   4.5
        D:8 |    2003 |    1381 |  40.8 |      26 |       3 |  10.3
        D:9 |    4196 |     907 |  17.8 |      44 |       1 |   2.2
       D:10 |    1646 |       0 |   0.0 |      19 |       0 |   0.0
            +---------+---------+-------+---------+---------+-------
